 Seeded DCSS version 0.30.1-9-gdf580d7c3d (webtiles) character file.

Game seed: 9106806156630997546 (custom seed)

1185 Psyclone the Destroyer (level 8, 48/48 HPs)
             Began as a Deep Elf Conjurer on Oct 9, 2023.
             Was an Initiate of Gozag.
             Quit the game on level 6 of the Dungeon.
             The game lasted 00:08:43 (4255 turns).

Psyclone the Destroyer (Deep Elf Conjurer)          Turns: 4255, Time: 00:08:44

Health: 48/48      AC:  5    Str:  4    XL:     8   Next: 19%
Magic:  17/25      EV: 17    Int: 26    God:    Gozag
Gold:   568        SH:  0    Dex: 13    Spells: 18/29 levels left

rFire   . . .        e - +2 dagger (drain)
rCold   . . .        (no shield)
rNeg    . . .        a - +0 robe
rPois   +            w - +0 helmet
rElec   .            x - +0 cloak
rCorr   .            v - +0 pair of gloves
SInv    .            (no boots)
Will    .....        (no amulet)
Stlth   ++           u - +5 ring of evasion
HPRegen 0.28/turn    k - ring of poison resistance
MPRegen 0.19/turn

%: no passive effects
@: no status effects
A: no striking features
a: Renounce Religion, Potion Petition, Call Merchant, Bribe Branch


You were on level 6 of the Dungeon.
You worshipped Gozag.
Gozag was pleased with you.
You visited 2 branches of the dungeon, and saw 7 of its levels.
You also visited: Sewer.

You collected 655 gold pieces.
You paid 87 gold pieces to Gozag.

Inventory:

Hand Weapons
 e - a +2 dagger of draining (weapon)
Armour
 a - a +0 robe (worn)
 v - a +0 pair of gloves (worn)
 w - a +0 helmet (worn)
 x - a +0 cloak (worn)
Jewellery
 k - a ring of poison resistance (right hand)
 t - a ring of flight
 u - a +5 ring of evasion (left hand)
Scrolls
 d - a scroll of fear {unknown}
 h - a scroll of enchant weapon {unknown}
 i - a scroll of teleportation {unknown}
 j - a scroll of blinking {unknown}
 o - 2 scrolls of enchant armour {unknown}
 p - a scroll of poison {unknown}
 s - a scroll of noise {unknown}
 y - a scroll of vulnerability {unknown}
 A - a scroll of identify {unknown}
Potions
 b - 2 potions of magic
 c - a potion of haste {unknown}
 f - a potion of invisibility {unknown}
 g - 5 potions of brilliance {unknown}
 l - a potion of lignification {unknown}
 m - 5 potions of curing {unknown}
 n - a potion of berserk rage {unknown}
 q - 2 potions of attraction {unknown}
 r - 2 potions of might {unknown}
 z - a potion of degeneration {unknown}


   Skills:
 - Level 4.4 Fighting
 - Level 2.4 Dodging
 - Level 2.4 Stealth
 + Level 11.0 Spellcasting
 - Level 12.0 Conjurations
 + Level 2.5 Hexes
 + Level 2.0 Translocations


You had 18 spell levels left.
You knew the following spells:

 Your Spells              Type           Power      Damage    Failure   Level
a - Magic Dart            Conj           100%       1d8       1%          1
b - Searing Ray           Conj           100%       2d8       1%          2
d - Fulminant Prism       Conj/Hex       25%        3d14      1%          4
e - Iskenderun's Mystic   Conj/Tloc      50%        2d11      2%          4

Your spell library contained the following spells:

 Spells                   Type           Power      Damage    Failure   Level
 Dazzling Flash           Conj/Hex       100%       N/A       1%          3
 Flame Wave               Conj/Fire      45%        2d12      3%          4
 Scorch                   Fire           28%        2d6       6%          2
 Summon Cactus Giant      Summ           7%         N/A       99%         6


Dungeon Overview and Level Annotations

Branches:
Dungeon (6/15) Zot: 26956  Temple (1/1) D:5 Zot: 5978   Sewer (visited)

Altars:
Dithmenos
Gozag
Hepliaklqana
Okawaru
Qazlal
Ru
Sif Muna
Trog
Uskayaw
Xom
Yredelemnul

Shops:
D:1 =


Message History

Aim: a gnoll, wielding a +0 spear (moderately wounded, 85% to hit)
The searing ray hits the gnoll!
You kill the gnoll! (Press . to maintain the ray.)
The gnoll shouts!
You now have 18/25 mp.
A gnoll comes into view. It is wielding a +0 club.
You now have 17/25 mp.
The searing ray hits the gnoll.
The gnoll is heavily wounded.
The gnoll shouts!
The searing ray hits the gnoll!
You kill the gnoll!
You finish channelling your searing ray.
You now have 16/25 mp.
Casting: Searing Ray (safe; 1% risk of failure)
Confirm with . or Enter, or press ? or * to list all spells.
Aiming: Searing Ray (safe; 1% risk of failure)
Press: ? - help, Shift-Dir - straight line, f - gnoll
Aim: a gnoll, wielding a +0 club (85% to hit)
The searing ray hits the gnoll!
You kill the gnoll! (Press . to maintain the ray.)
Your Translocations skill increases to level 2!
You now have 14/25 mp.
You now have 13/25 mp.
You now have 12/25 mp.
Found 18 gold pieces and a scroll labelled QAQILO XEIPH.
Found a stone staircase leading down.
You now have 563 gold pieces (gained 14).
Things that are here:
a +0 whip; a +0 spear You now have 568 gold pieces (gained 5).
You see here a +0 club.
Found a scroll labelled GIKETE XEAPEJU.
A - a scroll labelled QAQILO XEIPH
B - a scroll labelled GIKETE XEAPEJU This is a scroll of acquirement!
Something appears at your feet!
Unknown command.
Are you sure you want to abandon this character and quit the game? (Confirm with "yes".)

...#... ........##
$ ..........#
#.........#
.!..##.........#
....###.......####
.....##..........#
##.#............@.#
...##.............#
...#.....#........#
.........#...##.###
<..........####.##
....#....#..###..#
##.##....#.......#
####..).##..##.##
#....)###.#..#


There were no monsters in sight!

Vanquished Creatures
  Sigmund (D:3)
  4 kobold brigands (Sewer)
  A bullfrog (D:6)
  A scorpion (D:5)
  Crazy Yiuf (D:2)
  Jessica (D:2)
  Natasha (thrice) (D:3)
  Robin (D:2)
  3 gnolls (D:6)
  5 adders
  5 river rats
  A worm (D:2)
  2 dart slugs
  2 orcs (D:5)
  8 ball pythons
  5 bats
  4 endoplasms
  3 giant cockroaches
  14 goblins
  2 hobgoblins
  5 jackals
  10 kobolds
  5 frilled lizards
  7 rats
94 creatures vanquished.

Vanquished Creatures (others)
  3 fulminant prisms (D:2)
3 creatures vanquished.

Grand Total: 97 creatures vanquished

Notes
Turn   | Place    | Note
-------+----------+-------------------------------------------
     0 | D:1      | Psyclone the Deep Elf Conjurer began the quest for the Orb.
     0 | D:1      | Reached XP level 1. HP: 10/10 MP: 6/6
    28 | D:2      | Found a stormy altar of Qazlal.
   142 | D:2      | Reached XP level 2. HP: 15/15 MP: 5/8
   205 | D:2      | Learned a level 2 spell: Searing Ray
   206 | D:3      | Noticed Natasha
   229 | D:4      | Reached skill level 5 in Conjurations
   311 | D:5      | Entered Level 5 of the Dungeon
   336 | D:5      | Noticed a scorpion
   347 | D:5      | Killed a scorpion
   348 | D:5      | Reached skill level 6 in Conjurations
   348 | D:5      | Reached XP level 3. HP: 17/19 MP: 2/9
   348 | D:5      | Reached XP level 4. HP: 21/24 MP: 2/10
   459 | D:5      | Found a staircase to the Ecumenical Temple.
   472 | D:5      | Noticed a yak
   474 | Temple   | Entered the Ecumenical Temple
   484 | Temple   | Became a worshipper of Gozag Ym Sagoz the Greedy
   495 | D:5      | Noticed a yak
   495 | D:5      | Noticed a yak
   566 | D:5      | Found a glowing drain.
   587 | Sewer    | Entered a sewer
   803 | Sewer    | Noticed a kobold brigand
   814 | Sewer    | Killed a kobold brigand
   815 | Sewer    | Reached skill level 7 in Conjurations
   815 | Sewer    | Reached XP level 5. HP: 28/28 MP: 5/11
   954 | Sewer    | HP: 1/28 [river rat (7)]
  1104 | Sewer    | Reached skill level 8 in Conjurations
  1104 | Sewer    | Reached XP level 6. HP: 23/32 MP: 2/12
  1209 | Sewer    | Reached skill level 10 in Spellcasting
  1209 | Sewer    | Reached skill level 11 in Conjurations
  1209 | Sewer    | Reached XP level 7. HP: 44/44 MP: 13/23
  1223 | Sewer    | Learned a level 4 spell: Fulminant Prism
  1228 | Sewer    | Learned a level 4 spell: Iskenderun's Mystic Blast
  1661 | Sewer    | Reached skill level 1 in Hexes
  1957 | D:3      | Killed Natasha
  2187 | D:1      | Found Cetaas's Jewellery Emporium.
  2249 | D:1      | Reached skill level 1 in Translocations
  2680 | D:2      | Noticed Jessica
  2681 | D:2      | Killed Jessica
  2934 | D:2      | Noticed Robin
  2959 | D:2      | Killed Robin
  3246 | D:2      | Found a runed translucent door.
  3247 | D:2      | Noticed Crazy Yiuf
  3253 | D:2      | Killed Crazy Yiuf
  3342 | D:3      | Noticed Natasha
  3348 | D:3      | Killed Natasha
  3349 | D:3      | Reached skill level 12 in Conjurations
  3467 | D:3      | Noticed Natasha
  3470 | D:3      | Killed Natasha
  3532 | D:3      | Noticed Sigmund
  3541 | D:3      | Killed Sigmund
  3542 | D:3      | Reached XP level 8. HP: 34/48 MP: 14/25
  4254 | D:6      | Identified a scroll of acquirement
  4254 | D:6      | Acquired 809 gold pieces
  4255 | D:6      | Quit the game

Illustrated notes

Levels and vault maps discovered:
D:1:      onia_arrival_mini_spirals, layout_loops_ring, serial_shops, shop
D:2:      layout_rooms, basic_altar, reono_crystal_passage, minmay_tetromino_l2,
          uniq_robin, uniq_jessica, uniq_crazy_yiuf_cottage
D:3:      layout_loops_ring, uniq_sigmund, uniq_natasha
D:4:      layout_rooms, ebering_ghost_sewer_d, nicolae_take_the_stairs,
          grunt_ministairs_6, ebering_dispersal_statue_hall,
          minmay_ogre_servants
D:5:      nicolae_cairo_tiling_large, layout_basic, slow_altar_2,
          minmay_temple_entry_junction_2, portal_sewer_entry_b
D:6:      layout_cave_pools
Temple:   nicolae_temple_bog_church

Skill      XL: |  1  2  3  4  5  6  7  8 |
---------------+-------------------------+-----
Conjurations   | 6 7 8 11 12 | 12.0
Fighting       | 4 |  4.4
Spellcasting   | 10 11 | 11.0
Hexes          | 2 |  2.5
Translocations | 1 2 |  2.0
Dodging        | |  2.4
Stealth        | |  2.4

Action                     |  1- 3 |  4- 6 |  7- 9 || total
---------------------------+-------+-------+-------++-------
  Melee: Unarmed           |       |     5 |       ||     5
         Dagger            |       |       |    22 ||    22
         Punch             |       |       |     1 ||     1
   Cast: Magic Dart        |    13 |    23 |    51 ||    87
         Searing Ray       |     3 |     9 |    17 ||    29
         Iskenderun's Myst |       |       |     6 ||     6
         Fulminant Prism   |       |       |     3 ||     3
    Use: Potion            |       |     1 |       ||     1
         Scroll            |       |       |     1 ||     1
 Armour: Robe              |       |     1 |     6 ||     7
  Dodge: Dodged            |    13 |    15 |    29 ||    57
